Map: Blackburn LE

Players

avsfan - Winner!

  • Race: Protoss Protoss
  • League: Silver

Stilgar

  • Race: Zerg Zerg
  • League: Master

VOD

Have the link to the VOD?

Description

Time

  • Played on: April 29, 2022, 11:50 a.m.
  • Length: 8:31
Show
View Real Time Build Order
Export as new Build Order

avsfan Protoss - Winner!

Build Orders:  

Get SALT Encoding   

  12  0:00  Probe  
  13  0:12  Probe  
  14  0:19  Pylon  
  14  0:24  Probe  
  15  0:39  Gateway  
  15  0:42  Assimilator  
  15  0:44  Probe (Chrono Boost)  
  16  0:56  Probe (Chrono Boost)  
  17  1:03  Probe (Chrono Boost)  
  18  1:10  Probe  
  19  1:23  Probe  
  19  1:24  Assimilator  
  20  1:32  Cybernetics Core  
  20  1:35  Probe  
  21  1:47  Probe  
  22  1:59  Probe  
  23  2:10  Nexus  
  23  2:11  Warp Gate (Chrono Boost)  
  23  2:22  Pylon  
  23  2:40  Adept  
  23  2:41  Pylon  
  25  2:44  Pylon  
  25  3:01  Shield Battery  
  25  3:08  Robotics Facility  
  25  3:17  Forge  
  25  3:23  Probe (Chrono Boost)  
  27  3:34  Gateway, Probe (Chrono Boost)  
  27  3:35  Gateway  
  27  3:39  Probe (Chrono Boost)  
  27  3:40  Gateway  
  28  3:48  Protoss Ground Weapons Level 1 (Chrono Boost)  
  28  3:57  Observer  
  29  4:09  Zealot  
  31  4:14  Probe  
  32  4:21  Assimilator  
  32  4:23  Probe  
  33  4:26  Probe  
  33  4:27  Immortal (Chrono Boost)  
  38  4:38  Probe  
  39  4:50  Probe  
  40  4:56  Stalker  
  40  4:57  Sentry  
  40  4:58  Zealot, Warp Prism  
  48  5:00  Sentry  
  48  5:02  Probe (Chrono Boost)  
  52  5:14  Probe (Chrono Boost)  
  52  5:20  Probe (Chrono Boost)  
  53  5:24  Stalker  
  53  5:25  Stalker  
  57  5:28  Probe  
  57  5:29  Stalker  
  57  5:33  Zealot  
  62  5:49  Pylon  
  62  5:51  Pylon  
  62  5:55  Pylon  
  62  5:57  Protoss Ground Armor Level 1 (Chrono Boost)  
  62  6:07  Probe  
  62  6:10  Twilight Council  
  63  6:13  Robotics Bay  
  63  6:19  Probe  
  63  6:24  Zealot x2  
  63  6:25  Zealot x2  
  72  6:32  Probe  
  73  6:33  Immortal  
  73  6:38  Assimilator  
  77  6:44  Probe  
  78  6:49  Charge  
  78  6:56  Stalker x3  
  78  6:58  Sentry  
  80  7:43  Zealot x3  
  80  7:44  Zealot  
  84  8:11  Zealot  
Show
View Real Time Build Order
Export as new Build Order

Stilgar Zerg 

Build Orders: Hatch First 

Get SALT Encoding   

  12  0:00  Drone  
  13  0:12  Overlord  
  13  0:17  Drone  
  14  0:26  Overlord  
  14  0:35  Drone  
  15  0:37  Drone  
  16  0:45  Drone  
  17  1:02  Hatchery  
  16  1:06  Drone  
  16  1:08  Drone  
  18  1:11  Extractor  
  17  1:20  Drone  
  18  1:27  Spawning Pool  
  18  1:30  Drone  
  18  1:41  Drone  
  19  1:49  Drone  
  20  1:58  Extractor  
  20  2:00  Drone  
  20  2:11  Drone  
  21  2:16  Queen  
  21  2:17  Queen  
  25  2:24  Drone x2  
  27  2:39  Overlord x2  
  27  2:53  Lair  
  27  2:58  Drone, Roach Warren  
  27  3:08  Drone x3  
  27  3:09  Drone  
  31  3:23  Drone x4  
  35  3:31  Overlord  
  35  3:46  Roach x3  
  35  3:47  Roach x2  
  45  3:48  Roach  
  45  3:51  Roach  
  49  4:00  Drone x2  
  51  4:14  Spine Crawler x2  
  49  4:17  Spine Crawler  
  49  4:18  Drone x2, Spine Crawler  
  49  4:22  Drone  
  49  4:23  Drone  
  49  4:24  Drone  
  52  4:28  Drone  
  52  4:29  Drone  
  54  4:32  Drone  
  55  4:39  Drone x3  
  55  4:40  Drone  
  55  4:43  Overlord  
  59  4:50  Drone  
  60  4:54  Extractor  
  60  4:58  Extractor  
  60  4:59  Drone x2  
  60  5:03  Drone  
  61  5:10  Drone  
  62  5:19  Overlord x2  
  62  5:30  Drone  
  62  5:32  Drone  
  64  5:42  Hydralisk Den  
  63  5:45  Drone x2  
  63  5:46  Evolution Chamber  
  63  5:47  Evolution Chamber, Drone  
  64  6:12  Hydralisk x5  
  64  6:13  Hydralisk x2  
  78  6:19  Hatchery  
  78  6:23  Queen  
  79  6:26  Hydralisk x2  
  79  6:28  Overlord x5  
  83  6:36  Zerg Missile Weapons Level 1  
  83  6:42  Muscular Augments  
  83  6:45  Hydralisk  
  83  6:46  Hydralisk x2  
  87  6:53  Overlord  
  87  6:54  Overlord  
  89  7:12  Hydralisk  
  89  7:13  Hydralisk x5  
  101  7:26  Hydralisk x4  
  71  7:45  Overlord  
  71  7:46  Overlord x3, Hydralisk x2  
  71  8:00  Hydralisk x4  
Tags
 
Add a new tag
Caveats
  • Supply blocks, unpowered buildings, or Contaminate may cause inaccurate times.
  • Supply counts are checked every 10 seconds.